 Dungeon Crawl Stone Soup version 0.29.1-4-g47bece8355 (webtiles) character file.

Game seed: 12827099758385020140

703 Hercules1031 the Trooper (level 7, -2/70 (82) HPs)
             Began as a Demonspawn Berserker on Dec 10, 2022.
             Was an Elder of Trog.
             Slain by an ogre
             ... wielding a +0 giant club
              (24 damage)
             ... on level 5 of the Dungeon on Dec 11, 2022.
             The game lasted 00:16:21 (4647 turns).

Hercules1031 the Trooper (Demonspawn Berserker)     Turns: 4647, Time: 00:16:22

HP:   -2/70 (82)    AC: 28    Str: 23    XL:     7   Next: 39%
MP:   7/7           EV:  9    Int:  8    God:    Trog [****..]
Gold: 216           SH:  0    Dex: 11    Spells: 6/6 levels left

rFire   . . .      SeeInvis .   o - +5 scythe (protect)
rCold   . . .      Faith    .   (shield currently unavailable)
rNeg    . . .      Spirit   .   i - +0 chain mail
rPois   .          Reflect  .   h - +0 helmet
rElec   .          Harm     .   s - +1 cloak
rCorr   .          Rampage  .   (no gloves)
Will    .....                   (no boots)
Stlth   ..........              (no amulet)
HPRegen 1.01/turn               (no ring)
MPRegen 0.10/turn               (no ring)

@: berserking, sanguine armoured, under a protective aura, heavily drained, very
quick
A: claws 2, foul stench 1, sanguine armour 2, regeneration 1, strong 1
a: Renounce Religion, Berserk, Trog's Hand, Brothers in Arms


You were on level 5 of the Dungeon.
You worshipped Trog.
Trog was greatly pleased with you.
You visited 1 branch of the dungeon, and saw 5 of its levels.
You also visited: Sewer.

You collected 216 gold pieces.

Inventory:

Hand Weapons
 a - a +0 mace
 j - a +0 whip
 o - a +5 scythe of protection (weapon)
 v - a +4 dagger of freezing
Armour
 h - a +0 helmet (worn)
 i - a +0 chain mail (worn)
 p - a +2 robe of cold resistance
 s - a +1 cloak (worn)
 t - a +0 troll leather armour {Pargi}
Wands
 w - a wand of paralysis (7)
 y - a wand of flame (6)
Scrolls
 b - a scroll of teleportation
 c - a scroll of torment
 d - a scroll of noise
 e - 2 scrolls of amnesia
 f - 2 scrolls of identify
 z - a scroll of vulnerability {unknown}
Potions
 g - a potion of mutation
 k - 2 potions of lignification
 l - 2 potions of brilliance {unknown}
 m - a potion of berserk rage
 n - 2 potions of curing
 q - a potion of invisibility {unknown}
 r - 2 potions of attraction
 u - 2 potions of haste {unknown}
 x - 2 potions of ambrosia {unknown}


   Skills:
 + Level 4.8 Fighting
 - Level 3.8 Maces & Flails
 * Level 2.8 Polearms
 + Level 3.9 Armour
 + Level 3.8 Dodging


You had 6 spell levels left.
You didn't know any spells.
Your spell library was empty.

Dungeon Overview and Level Annotations

Branches:
Dungeon (5/15)              Sewer (visited)
 Temple: D:4-7

Altars:
Okawaru
Xom

Annotations:
D:5 Duvessa


Innate Abilities, Weirdness & Mutations

You have very sharp fingernails.
You may rarely emit foul miasma when damaged in melee.
When seriously injured, your blood forms thick armour. (AC +9)
Your natural rate of healing is unusually fast.
Your muscles are strong. (Str +4, Int/Dex -1)


Message History

Duvessa hits you but does no damage.
You feel drained.
You closely miss Dowan. Duvessa hits you but does no damage.
You feel drained. Dowan hits you but does no damage.
Duvessa hits you but does no damage.
You feel drained.
You hit Dowan.
Your weapon exudes an aura of protection.
Dowan is moderately wounded.
Duvessa barely misses you. Dowan hits you but does no damage.
Duvessa hits you but does no damage.
You feel drained. Dowan closely misses you.
You miss Dowan.
Dowan is moderately wounded.
Duvessa hits you with a +0 short sword of draining.
You feel drained. Dowan closely misses you.
Duvessa hits you with a +0 short sword of draining!
You feel drained.
You slash Dowan!
Dowan is severely wounded.
Duvessa hits you but does no damage.
You feel drained. Dowan hits you but does no damage.
Duvessa closely misses you.
You slash Dowan!
You kill Dowan!
Trog accepts your kill.
Trog appreciates your killing of a magic user.
Duvessa weeps, and shakes her weapon.
Duvessa goes berserk!
Duvessa misses you. Duvessa closely misses you.
The ogre hits you with a +0 giant club!!
Ouch! That really hurt!
* * * LOW HITPOINT WARNING * * *
Your blood congeals into armour.
A red film seems to cover your vision as you go berserk!
You feel yourself moving faster!
You feel mighty! Duvessa barely misses you.
Duvessa hits you but does no damage.
You feel drained.
Unknown command.
You are too berserk!
You are too berserk!
You impale Duvessa!!
Duvessa is moderately wounded.
The ogre hits you with a +0 giant club!!
You die...

.#.# ### ............#
.#.# ####..
###.........# )..#
.....#####.........#
..## #...............#
### #.##............#
..#####....##.........#
#.......#####.........##
...####.# #..........#
#.O@# #..........#
#..e.# ##.......#.#
#....#.. ##.....##..
##...##.# ########..
..... [# #.. .#... ..
#.. #... #. #.. ... ..
... ....


You could see Duvessa (berserk, fast) and an ogre.

Vanquished Creatures
  Sigmund (D:2)
  Pargi (Sewer)
  Dowan (D:5)
  A hound (D:4)
  2 jellies (D:5)
  Jessica (D:2)
  An iguana (D:3)
  Robin (D:2)
  8 adders
  A river rat (D:4)
  An ufetubus (D:4)
  3 worms
  2 dart slugs
  12 orcs
  8 ball pythons
  19 bats
  8 endoplasms
  6 giant cockroaches
  11 goblins
  14 hobgoblins
  8 jackals
  8 quokkas
  A frilled lizard (D:3)
  8 kobolds
  A rat (D:4)
128 creatures vanquished.

Notes
Turn   | Place    | Note
-------+----------+-------------------------------------------
     0 | D:1      | Hercules1031 the Demonspawn Berserker began the quest for
                  | the Orb.
     0 | D:1      | Reached XP level 1. HP: 18/18 MP: 1/1
   297 | D:1      | Found a faded altar of an unknown god.
   407 | D:1      | Gained mutation: When seriously injured, your blood forms
                  | armour. (AC +9) [demonic ancestry]
   407 | D:1      | Reached XP level 2. HP: 24/24 MP: 2/2
   695 | D:1      | Gained mutation: You have sharp fingernails. [demonic
                  | ancestry]
   695 | D:1      | Reached XP level 3. HP: 29/29 MP: 3/3
   771 | D:1      | Reached ** piety under Trog
  1142 | D:2      | Noticed Jessica
  1146 | D:2      | Killed Jessica
  1155 | D:2      | Gained mutation: When seriously injured, your blood forms
                  | thick armour. (AC +9) [demonic ancestry]
  1155 | D:2      | Reached XP level 4. HP: 19/35 MP: 4/4
  1339 | D:2      | Noticed Robin
  1374 | D:2      | Killed Robin
  1922 | D:2      | Noticed Sigmund
  1941 | D:2      | Killed Sigmund
  1942 | D:2      | Reached skill level 4 in Fighting
  1942 | D:2      | Gained mutation: You have very sharp fingernails. [demonic
                  | ancestry]
  1942 | D:2      | Reached XP level 5. HP: 37/42 MP: 5/5
  1942 | D:2      | Gained mutation: You may rarely emit foul miasma when
                  | damaged in melee. [demonic ancestry]
  1942 | D:2      | Reached XP level 6. HP: 43/48 MP: 6/6
  2327 | D:3      | Found a shimmering altar of Xom.
  2619 | D:3      | Found an iron altar of Okawaru.
  2883 | D:3      | Reached *** piety under Trog
  3029 | D:3      | Reached skill level 1 in Polearms
  3531 | D:4      | Gained mutation: You expend magic power (3 MP) to
                  | strengthen your wands. [potion of mutation]
  3531 | D:4      | Gained mutation: Your body sometimes deteriorates upon
                  | taking damage. [potion of mutation]
  3531 | D:4      | Gained mutation: You have hidden genetic potential. [potion
                  | of mutation]
  3532 | D:4      | Lost mutation: You have hidden genetic potential. [potion
                  | of mutation]
  3532 | D:4      | Lost mutation: Your body sometimes deteriorates upon taking
                  | damage. [potion of mutation]
  3532 | D:4      | Lost mutation: You expend magic power (3 MP) to strengthen
                  | your wands. [potion of mutation]
  3532 | D:4      | Gained mutation: Your muscles are strong. (Str +4, Int/Dex
                  | -1) [potion of mutation]
  3532 | D:4      | Gained mutation: Your natural rate of healing is unusually
                  | fast. [potion of mutation]
  3855 | D:4      | Identified the +2 robe of Hubris {Dex+4}
  3944 | D:4      | Found a glowing drain.
  3960 | Sewer    | Entered a sewer
  3997 | Sewer    | Noticed Pargi
  4013 | Sewer    | Killed Pargi
  4014 | Sewer    | Reached XP level 7. HP: 55/55 MP: 7/7
  4437 | D:5      | Entered Level 5 of the Dungeon
  4526 | D:5      | Reached **** piety under Trog
  4634 | D:5      | Noticed Dowan
  4635 | D:5      | Noticed Duvessa
  4645 | D:5      | Killed Dowan
  4647 | D:5      | Slain by an ogre

Illustrated notes

Levels and vault maps discovered:
D:1:      lemuel_arrival_river_passageway, layout_rooms,
          hellmonk_ecumenical_altar_zigzags, nicolae_wormholes
D:2:      layout_basic, uniq_robin, uniq_sigmund, uniq_jessica
D:3:      minmay_skewed_foursquare, layout_loops_ring,
          mainiacjoe_overflow_concentric_impassable,
          nicolae_overflow_hidden_temple
D:4:      layout_basic, gup_sewer_entry_bubbles
D:5:      minmay_evil_eye, layout_rooms, minmay_temple_entry_overgrown,
          st_stairs_3, uniq_duvessa

Skill      XL: |  1  2  3  4  5  6 |
---------------+-------------------+-----
Armour         | 2 3 |  3.9
Dodging        | 2 3 |  3.8
Maces & Flails | 3 |  3.8
Fighting       | 4 |  4.8
Polearms       | 2 |  2.8

Action                   |  1- 3 |  4- 6 |  7- 9 || total
-------------------------+-------+-------+-------++-------
Melee: Mace              |   103 |    40 |       ||   143
       Punch             |     2 |       |       ||     2
       Whip              |       |    27 |       ||    27
       Halberd           |       |   164 |    40 ||   204
Invok: Berserk           |       |     3 |     1 ||     4
  Use: Scroll            |       |    11 |       ||    11
       Potion            |       |     2 |       ||     2
Armor: Leather armour    |    31 |    10 |       ||    41
       Animal skin       |     1 |       |       ||     1
       Chain mail        |       |   173 |    41 ||   214
Dodge: Dodged            |    77 |   182 |    36 ||   295
